 Dungeon Crawl Stone Soup version 0.21-a0-142-gdd972a7 (webtiles) character file.

8920 minmayStuckAtMickeyD the Grappler (level 11, -11/116 HPs)
             Began as a Naga Transmuter on July 22, 2017.
             Was a Believer of Cheibriados.
             Mangled by a red devil
             ... wielding a +0 trident
             ... summoned by a kobold demonologist
              (16 damage)
             ... on level 11 of the Dungeon.
             The game lasted 00:22:05 (11815 turns).

minmayStuckAtMickeyD the Grappler (NaTm)           Turns: 11815, Time: 00:22:06

Health: -11/116    AC:  6    Str: 20    XL:     11   Next: 38%
Magic:  9/17       EV: 16    Int: 22    God:    Cheibriados [**....]
Gold:   193        SH:  0    Dex: 16    Spells: 2/18 levels left

rFire    x . .     SeeInvis +     - Unarmed
rCold    + + +     Gourm    .   (shield currently unavailable)
rNeg     . . .     Faith    .   (armour currently unavailable)
rPois    +         Spirit   .   (helmet currently unavailable)
rElec    .         Reflect  .   (cloak currently unavailable)
rCorr    .         Harm     .   (gloves currently unavailable)
MR       ++...                  (no barding)
Stlth    +++.......             (no amulet)
HPRegen  0.29/turn              o - ring of protection from magic
MPRegen  0.15/turn              (no ring)

@: ice-form, very slightly contaminated, very slow
A: see invisible, clever 1, slow metabolism 1, spit poison 1, AC +3
a: Spit Poison, End Transformation, Bend Time, Renounce Religion


You were on level 11 of the Dungeon.
You worshipped Cheibriados.
Cheibriados was pleased with you.
You were not hungry.
You were a creature of crystalline ice.
You visited 2 branches of the dungeon, and saw 12 of its levels.

You collected 433 gold pieces.
You spent 240 gold pieces at shops.

Inventory:

Missiles
 a - 218 arrows
 f - 6 javelins of penetration (quivered)
Armour
 s - a +0 cloak (melded)
 x - a +0 pair of gloves (melded)
 H - a +0 troll leather armour (melded)
Jewellery
 b - an uncursed ring of flight {unknown}
 o - a ring of protection from magic (left front paw)
Wands
 g - a wand of disintegration (14/24)
 t - a wand of acid (9/15)
 F - a wand of acid (7/15)
 G - a wand of acid (13/15)
 I - a wand of acid (8/15)
Scrolls
 v - 3 scrolls of fear
 w - a scroll of noise {unknown}
 y - 2 scrolls of remove curse
 B - a scroll of summoning {unknown}
 D - a scroll of amnesia
 J - a scroll of enchant armour {unknown}
Potions
 j - 2 potions of heal wounds
 k - 6 potions of curing {unknown}
 l - a potion of cancellation
 m - 4 potions of brilliance {unknown}
 n - a potion of berserk rage {unknown}
 p - a potion of flight
 q - 4 potions of ambrosia
 u - 2 potions of haste {unknown}
 z - a potion of invisibility {unknown}
 C - a potion of resistance {unknown}
Books
 c - a book of Changes

   Spells                             Type                      Level
   a - Beastly Appendage              Transmutation                1
   b - Sticks to Snakes               Transmutation                2
   c - Spider Form                    Transmutation/Poison         3
   d - Ice Form                       Ice/Transmutation            4
   e - Blade Hands                    Transmutation                5
 e - a book of Minor Magic

   Spells                             Type                      Level
   a - Magic Dart                     Conjuration                  1
   b - Blink                          Translocation                2
   c - Call Imp                       Summoning                    2
   d - Slow                           Hexes                        2
   e - Conjure Flame                  Conjuration/Fire             3
   f - Mephitic Cloud                 Conjuration/Poison/Air       3
Comestibles
 d - 3 bread rations
 h - 3 meat rations
 r - 4 royal jellies
 E - 3 fruits


   Skills:
 - Level 6.0 Fighting
 * Level 8.9 Dodging
 - Level 4.7 Stealth
 - Level 9.0 Unarmed Combat
 - Level 4.1 Spellcasting
 - Level 2.4 Translocations
 - Level 4.3 Transmutations
 - Level 4.0 Ice Magic
 - Level 3.3 Invocations
 + Level 3.3 Evocations


You had 2 spell levels left.
You knew the following spells:

 Your Spells              Type           Power        Failure   Level  Hunger
a - Blade Hands           Tmut           ###.......   45%         5    ######.
b - Sticks to Snakes      Tmut           ###.....     2%          2    #......
c - Spider Form           Tmut/Pois      ##........   14%         3    ##.....
d - Ice Form              Ice/Tmut       ###.....     19%         4    ####...
e - Blink                 Tloc           N/A          6%          2    #......


Dungeon Overview and Level Annotations

Branches:
Dungeon (11/15)            Temple (1/1) D:7
   Lair: D:8-11         Orc: D:9-12

Altars:
Ashenzari
Cheibriados
Dithmenos
Elyvilon
Fedhas
Gozag
Hepliaklqana
Kikubaaqudgha
Makhleb
Nemelex Xobeh
Okawaru
Qazlal
Ru
Sif Muna
Trog
Uskayaw
Vehumet
Wu Jian
Xom
Yredelemnul
Zin
The Shining One

Shops:
D:6 %   D:10 :

Annotations:
D:10 exclusion: troll


Innate Abilities, Weirdness & Mutations

You cannot wear boots.
((Your serpentine skin is tough. (AC +3)))
You have supernaturally acute eyesight. (SInv)
((Armour fits poorly on your strangely shaped body.))
((Your system is resistant to poisons. (rPois)))
((You cover ground very slowly.))
You have a slow metabolism.
You can spit poison.
Your mind is acute. (Int +2)


Message History

The red devil hits you from afar with a trident!
* * * LOW HITPOINT WARNING * * *
Unknown command.
The flow of time bends around you.
Cheibriados rebukes the kobold demonologist.
The kobold demonologist seems to slow down.
You feel slightly more hungry.
The red devil hits you from afar with a trident!
* * * LOW HITPOINT WARNING * * *
The kobold demonologist completely misses you.
You see here a stone.
You punch the kobold demonologist! You freeze the kobold demonologist.
The kobold demonologist is heavily wounded.
The kobold demonologist barely misses you.
All of the chunks of flesh in your inventory have rotted away.
Unknown command.
You punch the kobold demonologist! You freeze the kobold demonologist.
The kobold demonologist is severely wounded.
The red devil hits you from afar with a trident!
You die... #.......+ #.......# #....... #...... .....
K3K

#4#
####K#
#..Y.#
#.####
#.#
##'######
#.......#
#.<.....#
#.......+
#.......#
#.......#


You could see a sun demon, a kobold demonologist, a red devil and a kobold.

Vanquished Creatures
  2 two-headed ogres
  An unseen horror (D:10)
  2 kobold demonologists (D:11)
  A troll (D:10)
  9 yaks
  A hungry ghost (D:10)
  Duvessa (D:4)
  A water moccasin (D:9)
  2 ice beasts
  7 orc warriors
  2 black bears
  A sky beast (D:9)
  A phantom (D:4)
  7 ogres
  3 centaurs
  4 big kobolds
  A gnoll sergeant (D:9)
  9 bullfrogs
  A wyvern zombie (D:9)
  Dowan (D:4)
  4 scorpions
  A water moccasin skeleton (D:6)
  3 crimson imps
  4 hounds
  2 quasits
  3 jellies
  A bullfrog skeleton (D:10)
  11 orc wizards
  Crazy Yiuf (D:2)
  2 orc priests
  A gnoll shaman (D:7)
  A centaur skeleton (D:4)
  An iguana (D:10)
  Natasha (thrice) (D:2)
  11 worker ants
  2 hound skeletons
  10 gnolls
  12 adders
  A shadow imp (D:10)
  4 oozes
  An adder skeleton (D:6)
  2 worms
  A dart slug (D:1)
  5 leopard geckos
  40 orcs
  A ball python (D:4)
  10 bats
  2 giant cockroaches
  8 goblins
  19 hobgoblins
  11 jackals
  6 quokkas
  3 frilled lizards (D:2)
  22 kobolds
  2 quokka skeletons
  3 rats
271 creatures vanquished.

Vanquished Creatures (collateral kills)
  A gnoll (D:7)
  2 orcs (D:9)
3 creatures vanquished.

Grand Total: 274 creatures vanquished

Notes
Turn   | Place    | Note
-------+----------+-------------------------------------------
     0 | D:1      | minmayStuckAtMickeyD the Naga Transmuter began the quest for the Orb.
     0 | D:1      | Reached XP level 1. HP: 18/18 MP: 3/3
    86 | D:1      | Reached XP level 2. HP: 13/25 MP: 1/5
    90 | D:1      | Learned a level 2 spell: Sticks to Snakes
   452 | D:1      | Reached skill level 4 in Unarmed Combat
   711 | D:1      | Reached XP level 3. HP: 31/31 MP: 4/6
   716 | D:1      | Learned a level 3 spell: Spider Form
  1218 | D:2      | Found a faded altar of an unknown god.
  1321 | D:2      | Reached XP level 4. HP: 38/38 MP: 7/7
  1416 | D:2      | Noticed Natasha
  1423 | D:2      | Killed Natasha
  1451 | D:2      | Found a hazy altar of Hepliaklqana.
  1546 | D:2      | Found a runed door.
  1584 | D:2      | Noticed Natasha
  1592 | D:2      | Killed Natasha
  1659 | D:2      | Found a sacrificial altar of Ru.
  1665 | D:2      | Reached XP level 5. HP: 42/44 MP: 9/9
  1666 | D:2      | Noticed Natasha
  1673 | D:2      | Killed Natasha
  2131 | D:2      | Noticed Crazy Yiuf
  2138 | D:2      | Killed Crazy Yiuf
  2281 | D:3      | Learned a level 4 spell: Ice Form
  2321 | D:3      | Found a hide-covered altar of Uskayaw.
  2614 | D:3      | Found a glowing silver altar of Zin.
  2623 | D:3      | Reached skill level 1 in Ice Magic
  2866 | D:3      | Found a basalt altar of Yredelemnul.
  2876 | D:3      | Reached XP level 6. HP: 41/51 MP: 7/10
  3517 | D:4      | Noticed Duvessa
  3520 | D:4      | Noticed Dowan
  3527 | D:4      | Killed Duvessa
  3540 | D:4      | Killed Dowan
  3680 | D:4      | Found a glowing golden altar of the Shining One.
  3722 | D:4      | Reached XP level 7. HP: 49/57 MP: 6/12
  3749 | D:4      | Found an iron altar of Okawaru.
  4323 | D:4      | Found a blossoming altar of Fedhas.
  4386 | D:5      | Entered Level 5 of the Dungeon
  4457 | D:5      | Reached skill level 5 in Unarmed Combat
  4682 | D:5      | Reached XP level 8. HP: 68/68 MP: 10/14
  5075 | D:5      | Reached skill level 6 in Unarmed Combat
  5601 | D:6      | Found Luekh's Food Shop.
  5922 | D:6      | Reached skill level 7 in Unarmed Combat
  6005 | D:6      | Reached XP level 9. HP: 79/79 MP: 12/15
  6102 | D:6      | Reached skill level 8 in Unarmed Combat
  6495 | D:7      | Reached skill level 5 in Fighting
  6517 | D:7      | Found a deep blue altar of Sif Muna.
  6835 | D:7      | Reached skill level 9 in Unarmed Combat
  7967 | D:7      | Found a staircase to the Ecumenical Temple.
  8113 | Temple   | Entered the Ecumenical Temple
  8580 | D:8      | Found a shattered altar of Ashenzari.
  8706 | D:8      | Found a snail-covered altar of Cheibriados.
  8708 | D:8      | Found an ornate altar of the Wu Jian Council.
  8803 | D:8      | Became a worshipper of Cheibriados the Contemplative
  8848 | D:8      | Noticed a two-headed ogre
  8869 | D:8      | Killed a two-headed ogre
  8869 | D:8      | Reached skill level 5 in Dodging
  8869 | D:8      | Reached XP level 10. HP: 44/91 MP: 5/16
  9034 | D:8      | Found a sand-covered staircase.
  9056 | D:8      | Found a shimmering altar of Xom.
  9370 | D:9      | Reached skill level 1 in Stealth
  9510 | D:9      | Reached skill level 1 in Invocations
  9514 | D:9      | Gained mutation: Your mind is acute. (Int +2) [mutagenic meat]
  9604 | D:9      | Reached * piety under Cheibriados
  9621 | D:9      | Found a sparkling altar of Nemelex Xobeh.
 10506 | D:9      | Learned a level 5 spell: Blade Hands
 10726 | D:9      | Found an ancient bone altar of Kikubaaqudgha.
 10765 | D:10     | Entered Level 10 of the Dungeon
 10769 | D:10     | Noticed an unseen horror
 10778 | D:10     | Killed an unseen horror
 10841 | D:10     | Found Ippyhaci's Book Emporium.
 10849 | D:10     | Bought a book of Minor Magic for 240 gold pieces
 10854 | D:10     | Learned a level 2 spell: Blink
 10982 | D:10     | Reached XP level 11. HP: 97/97 MP: 9/17
 10988 | D:10     | Reached ** piety under Cheibriados
 10988 | D:10     | Reached skill level 1 in Translocations
 11176 | D:10     | Reached skill level 1 in Evocations
 11364 | D:10     | Noticed a two-headed ogre
 11373 | D:10     | Killed a two-headed ogre
 11714 | D:10     | Found an ornate altar of the Wu Jian Council.
 11807 | D:11     | Noticed a sun demon
 11812 | D:11     | HP: 4/116 [red devil/trident[a kobold demonologist] (12)]
 11815 | D:11     | Mangled by a red devil

Vault maps used:
D:1:      scummos_arrival_simple_crosswalls
D:2:      nicolae_overflow_hidden_temple, chequers_ecumenical_altar_simple,
          nicolae_ru_great_annihilating_truth, uniq_crazy_yiuf_cottage,
          uniq_natasha
D:3:      yredelemnul_altar_generic, lemuel_crystal_altar, zin_academy,
          first_bread, eino_tiny_chamber, minmay_tree_intersection
D:4:      fedhas_altar_1, old_standard_altar, overflow_temple_1_default,
          uniq_duvessa
D:6:      serial_shops, shop
D:7:      tgw_sif, minmay_temple_entry_fiery, serial_corexii_hall,
          corexii_hall_statues_l, corexii_hall_statues_i,
          corexii_hall_statues_l, corexii_hall_statues_i
D:8:      lemuel_coloured_pillars_altar, evilmike_ruin_ashenzari,
          cheibriados_altar_1, lemuel_crystal_altar, nicolae_ossuary_entry_plus
D:9:      marbit_many_paths, nemelex_spade_bored_becter
D:10:     basic_altar, serial_shops, shop
D:11:     david_lair_generic, david_orc_5, serial_ice, serial_ice_n,
          serial_ice_d, serial_ice_l, serial_ice_b, serial_ice_g, serial_ice_h,
          serial_ice_e, serial_ice_m, portal_ice_cave_entry_ice_beasts,
          grunt_tengu_nest
Temple:   compressed_dpeg_triangle_lava_temple

Skill      XL: |  1  2  3  4  5  6  7  8  9 10 11 |
---------------+----------------------------------+-----
Unarmed Combat | 4 5 7 9 |  9.0
Transmutations | 3 4 |  4.3
Spellcasting   | 3 4 |  4.1
Ice Magic      | 1 3 4 |  4.0
Fighting       | 2 4 6 |  6.0
Dodging        | 5 8 |  8.9
Stealth        | 4 |  4.7
Invocations    | 3 |  3.3
Translocations | 2 |  2.4
Evocations     | 3 |  3.3

Action                   |  1- 3 |  4- 6 |  7- 9 | 10-12 || total
-------------------------+-------+-------+-------+-------++-------
Melee: Unarmed           |    77 |   181 |   276 |   227 ||   761
       Headbutt          |     5 |     2 |       |       ||     7
       Punch             |     2 |     1 |     2 |     1 ||     6
 Cast: Beastly Appendage |    11 |     3 |       |       ||    14
       Sticks to Snakes  |     1 |     2 |    12 |     7 ||    22
       Spider Form       |     5 |    16 |     7 |     2 ||    30
       Ice Form          |       |       |    35 |    20 ||    55
Invok: Bend Time         |       |       |       |     2 ||     2
 Abil: Spit Poison       |    16 |    12 |     9 |     6 ||    43
       End Transformatio |       |     1 |       |     1 ||     2
  Use: Scroll            |       |     3 |     5 |     5 ||    13
       Potion            |       |       |     3 |       ||     3
 Stab: Sleeping          |       |     2 |       |     2 ||     4
       Paralysed         |       |     1 |       |       ||     1
       Distracted        |       |       |     1 |       ||     1
  Eat: Chunk             |     3 |    10 |    11 |    10 ||    34
       Bread ration      |       |       |     2 |       ||     2
       Meat ration       |       |       |     1 |       ||     1
       Fruit             |       |       |       |     1 ||     1
Armor: Robe              |    12 |    63 |     6 |     4 ||    85
       Skin              |     1 |     3 |    69 |    34 ||   107
Dodge: Dodged            |    39 |   113 |   149 |   156 ||   457
